 Dungeon Crawl Stone Soup version 0.22.1-2-g9c5b331383 (webtiles) character file.

372 topfpfpflanze the Grave Robber (level 6, 0/41 HPs)
             Began as a Mummy Necromancer on Nov 13, 2018.
             Was an Initiate of Gozag.
             Slain by a centaur skeleton (1 damage)
             ... on level 4 of the Dungeon.
             The game lasted 00:06:53 (8347 turns).

topfpfpflanze the Grave Robber (Mummy Necromancer)  Turns: 8347, Time: 00:06:53

Health: 0/41       AC:  3    Str: 11    XL:     6   Next: 43%
Magic:  13/13      EV: 12    Int: 18    God:    Gozag
Gold:   403        SH:  0    Dex: 13    Spells: 11/15 levels left

rFire    x . .     SeeInvis .   c - +0 dagger
rCold    + . .     Gourm    .   (no shield)
rNeg     + + +     Faith    .   a - +0 robe
rPois    ∞         Spirit   .   (no helmet)
rElec    .         Reflect  .   (no cloak)
rCorr    .         Harm     .   (no gloves)
MR       .....                  j - +0 pair of boots
Stlth    +++.......             (no amulet)
HPRegen  0.13/turn              f - ring of stealth
MPRegen  0.13/turn              g - +2 ring of intelligence

@: no status effects
A: no food or potions, fire vulnerability, cold resistance 1, negative energy
resistance 3, torment resistance, unbreathing
a: Potion Petition, Call Merchant, Bribe Branch, Renounce Religion


You were on level 4 of the Dungeon.
You worshipped Gozag.
Gozag was aware of your devotion.
You were not hungry.

You visited 1 branch of the dungeon, and saw 5 of its levels.

You collected 462 gold pieces.
You paid 59 gold pieces to Gozag.

Inventory:

Hand Weapons
 c - a +0 dagger (weapon)
Armour
 a - a +0 robe (worn)
 j - a +0 pair of boots (worn)
 k - a +0 buckler
Jewellery
 f - a ring of stealth (left hand)
 g - a +2 ring of intelligence (right hand)
Wands
 h - a wand of paralysis (14)
Scrolls
 b - a scroll of magic mapping
 e - a scroll of fear {unknown}
 i - a scroll of noise
 m - 2 scrolls of fog
 n - a scroll of remove curse {unknown}


   Skills:
 - Level 1.5 Dodging
 - Level 1.5 Stealth
 + Level 5.2 Spellcasting
 * Level 6.8 Necromancy


You had 11 spell levels left.
You knew the following spells:

 Your Spells              Type           Power        Failure   Level  Hunger
a - Pain                  Necr           ####         1%          1    N/A
b - Vampiric Draining     Necr           ####......   2%          3    N/A

Your spell library contained the following spells:

 Spells                   Type           Power        Failure   Level  Hunger
 Animate Skeleton         Necr           N/A          1%          1    N/A
 Animate Dead             Necr           N/A          8%          4    N/A
 Regeneration             Chrm/Necr      Unusable     N/A         3    N/A

Dungeon Overview and Level Annotations

Branches:
Dungeon (5/15)
 Temple: D:4-7

Altars:
Gozag
Okawaru
Qazlal
Sif Muna
Uskayaw
Wu Jian


Innate Abilities, Weirdness & Mutations

You do not eat or drink.
Your flesh is vulnerable to fire.
You are immune to poison.
Your flesh is cold resistant. (rC+)
You are immune to negative energy. (rN+++)
You are immune to unholy pain and torment.
You can survive without breathing.


Message History

The centaur skeleton hits you.
You hit the centaur skeleton.
The centaur skeleton is severely damaged.
The centaur skeleton hits you.
You hit the centaur skeleton but do no damage.
The centaur skeleton is severely damaged.
The centaur skeleton hits you!
* * * LOW HITPOINT WARNING * * *
The centaur skeleton hits you.
* * * LOW HITPOINT WARNING * * *
You hit the centaur skeleton but do no damage.
The centaur skeleton is severely damaged.
The centaur skeleton hits you.
* * * LOW HITPOINT WARNING * * *
Unknown command.
As you read the scroll labeled TEZOROICLA, it crumbles to dust.
You hear the distant roaring of an enraged dragon.
It was a scroll of random uselessness.
The centaur skeleton hits you.
You die...
Your body crumbles into a pile of gold.

.....####.....#
.... #.....#
... #. #.....#
.. #. #.....#
#..#.....#
#..#.....#
.'.....#
#.....# #.@...#
#.Z...# #.....#
#.....# #...$.#
..##########
#)....#
...#.......#
#.....#
...+.......#
#.....#
...#..##..##
#.....#


You could see a centaur skeleton.

Vanquished Creatures
  2 howler monkeys (D:4)
  2 orc priests (D:3)
  A hound (D:4)
  A worker ant (D:4)
  4 gnolls (D:2)
  5 adders
  An ooze (D:2)
  3 worms
  5 dart slugs
  3 leopard geckos
  5 orcs (D:3)
  6 giant cockroaches
  10 goblins
  8 hobgoblins
  3 ball pythons
  4 bats
  8 frilled lizards
  5 kobolds
  11 rats
87 creatures vanquished.

Notes
Turn   | Place    | Note
-------+----------+-------------------------------------------
     0 | D:1      | topfpfpflanze the Mummy Necromancer began the quest for the
                  | Orb.
     0 | D:1      | Reached XP level 1. HP: 13/13 MP: 4/4
  1231 | D:1      | Reached XP level 2. HP: 19/19 MP: 4/6
  2501 | D:2      | Found an ornate altar of the Wu Jian Council.
  2805 | D:2      | Reached XP level 3. HP: 24/24 MP: 4/7
  3341 | D:5      | Entered Level 5 of the Dungeon
  3367 | D:4      | Reached skill level 5 in Necromancy
  3685 | D:4      | Reached XP level 4. HP: 19/30 MP: 1/9
  4530 | D:4      | Found an opulent altar of Gozag.
  4541 | D:4      | Became a worshipper of Gozag Ym Sagoz the Greedy
  4596 | D:4      | Reached XP level 5. HP: 28/35 MP: 3/11
  5023 | D:2      | Reached skill level 6 in Necromancy
  6044 | D:3      | Found a stormy altar of Qazlal.
  6307 | D:4      | HP: 1/35 [centaur skeleton (7)]
  6631 | D:3      | Found an iron altar of Okawaru.
  6876 | D:3      | Learned a level 3 spell: Vampiric Draining
  6885 | D:3      | Reached XP level 6. HP: 41/41 MP: 8/13
  7058 | D:3      | Found a deep blue altar of Sif Muna.
  7627 | D:2      | Found a hide-covered altar of Uskayaw.
  7674 | D:2      | Reached skill level 5 in Spellcasting
  8346 | D:4      | HP: 1/41 [centaur skeleton (6)]
  8347 | D:4      | Slain by a centaur skeleton

Skill      XL: |  1  2  3  4  5  6 |
---------------+-------------------+-----
Spellcasting   | 3 4 5 |  5.2
Necromancy     | 5 6 |  6.8
Dodging        | |  1.5
Stealth        | |  1.5

Action                   |  1- 3 |  4- 6 || total
-------------------------+-------+-------++-------
Melee: Dagger            |       |    13 ||    13
 Cast: Pain              |    85 |   127 ||   212
  Use: Scroll            |       |     5 ||     5
Armor: Robe              |     5 |     4 ||     9
Dodge: Dodged            |    14 |    26 ||    40
